 Dungeon Crawl Stone Soup version 0.30-a0-728-gc68057be0a (webtiles) character file.

Game seed: 10521033601134464730

51935 jimonade the Covert (level 14, -5/70 HPs)
             Began as a Vine Stalker Brigand on Jan 30, 2023.
             Was a Priest of Uskayaw.
             Succumbed to a swamp dragon's poison gas
             ... on level 1 of the Swamp on Jan 31, 2023.
             The game lasted 01:05:58 (17597 turns).

jimonade the Covert (Vine Stalker Brigand)         Turns: 17597, Time: 01:05:58

Health: -5/70      AC: 21    Str: 19    XL:     14   Next: 61%
Magic:  21/36      EV: 14    Int: 11    God:    Uskayaw [***...]
Gold:   650        SH: 20    Dex: 21    Spells: 28/29 levels left

rFire   . . .      SeeInvis .    b - +4 dagger (freeze)
rCold   . . .      Faith    .    A - +0 kite shield
rNeg    . . .      Spirit   +    z - +5 acid dragon scales "Ozigunuv" {rCorr Str+5}
rPois   .          Reflect  .    j - +1 helmet
rElec   +          Harm     .    Z - +1 cloak
rCorr   +          Rampage  .    C - +2 pair of gloves
Will    +....                    D - +0 pair of boots
Stlth   ++++++                   q - brooch of Shielding {Spirit SH+8}
HPRegen 1.11/turn                i - ring of magical power
MPRegen 0.25/turn                k - ring "Rupacel" {rElec rCorr Stlth+}

@: lethally poisoned (-5 -> -68)
A: fangs 3, regeneration 1, magic shield, antimagic bite, no potion heal 2
a: Renounce Religion, Stomp, Line Pass


You were on level 1 of the Swamp.
You worshipped Uskayaw.
Uskayaw was aware of your devotion.
You visited 3 branches of the dungeon, and saw 18 of its levels.

You collected 2114 gold pieces.
You spent 1464 gold pieces at shops.

Inventory:

Hand Weapons
 a - a +4 dagger of venom
 b - a +4 dagger of freezing (weapon)
 y - a +2 dagger of protection
 I - the +3 long sword "Eden" {freeze, rElec rC+ Will-}
   (You found it on level 11 of the Dungeon)

   rC:        It protects you from cold.
   rElec:     It insulates you from electricity.
   Will:      It decreases your willpower.
 T - a +3 short sword
Missiles
 d - 47 poisoned darts (quivered)
 e - 6 curare-tipped darts
 m - a throwing net
 E - 9 datura-tipped darts
Armour
 j - a +1 helmet (worn)
 l - a +1 scale mail of cold resistance
 o - the +1 robe of Luigoratz {-Tele rC+++ MP+9 Int+3}
   (You found it on level 2 of the Dungeon)

   Int:       It affects your intelligence (+3).
   rC:        It renders you almost immune to cold.
   MP:        It affects your magic capacity (+9).
   -Tele:     It prevents most forms of teleportation.
 z - the +5 acid dragon scales "Ozigunuv" (worn) {rCorr Str+5}
   (You bought it in a shop on level 11 of the Dungeon)

   Str:       It affects your strength (+5).
   rCorr:     It protects you from acid and corrosion.
 A - a +0 kite shield (worn)
 C - a +2 pair of gloves (worn)
 D - a +0 pair of boots (worn)
 K - +0 steam dragon scales
 R - a +0 troll leather armour
 Z - a +1 cloak (worn)
Jewellery
 h - a ring of resist corrosion
 i - a ring of magical power (left hand)
 k - the ring "Rupacel" (right hand) {rElec rCorr Stlth+}
   (You acquired it on level 4 of the Dungeon)

   [ring of resist corrosion]

   rElec:     It insulates you from electricity.
   rCorr:     It protects you from acid and corrosion.
   Stlth:     It makes you more stealthy.
 q - the brooch of Shielding (around neck) {Spirit SH+8}
   (You found it on level 2 of the Dungeon)

   [amulet of guardian spirit]

   It causes incoming damage to be divided between your reserves of health and
   magic.
   SH:        It affects your SH (+8).
 t - a +6 ring of intelligence
 B - an amulet of faith
 M - an amulet of magic regeneration
 Y - a ring of magical power
Wands
 F - a wand of flame (24)
 H - a wand of paralysis (13)
 J - a wand of digging (1)
 S - a wand of iceblast (16)
 U - a wand of quicksilver (13)
Scrolls
 c - a scroll of enchant weapon
 f - 4 scrolls of blinking
 g - a scroll of amnesia
 n - 13 scrolls of teleportation
 p - 3 scrolls of poison
 w - a scroll of fog
 x - 5 scrolls of identify
 G - 2 scrolls of silence
 L - a scroll of summoning
 N - 5 scrolls of fear
 O - a scroll of brand weapon
 V - 2 scrolls of enchant armour
 W - 2 scrolls of magic mapping
Potions
 r - a potion of flight
 s - a potion of invisibility
 u - 5 potions of magic
 v - 11 potions of curing
 P - a potion of cancellation
 Q - 2 potions of brilliance
 X - 2 potions of berserk rage


   Skills:
 + Level 6.1 Fighting
 - Level 10.0 Short Blades
 + Level 4.3 Throwing
 + Level 4.9 Armour
 + Level 6.2 Dodging
 - Level 13.1 Stealth
 + Level 8.2 Shields
 * Level 8.0 Spellcasting
 * Level 7.5 Transmutations
 * Level 10.1 Invocations


You had 28 spell levels left.
You knew the following spells:

 Your Spells              Type           Power      Damage    Failure   Level
a - Beastly Appendage     Tmut           42%        N/A       2%          1

Your spell library contained the following spells:

 Spells                   Type           Power      Damage    Failure   Level
 Wereblood                Tmut           21%        N/A       3%          2
 Passwall                 Tmut/Erth      10%        N/A       16%         2
 Spider Form              Tmut/Pois      12%        N/A       32%         3
 Freeze                   Ice            16%        1d4       45%         1
 Kiss of Death            Conj/Necr      16%        2d6       45%         1
 Shock                    Conj/Air       16%        1d4       45%         1
 Slow                     Hex            16%        N/A       45%         1
 Summon Small Mammal      Summ           16%        N/A       45%         1
 Ignite Poison            Fire/Tmut/Pois 9%         N/A       47%         3
 Call Imp                 Summ           4%         N/A       58%         2
 Ensorcelled Hibernation  Hex/Ice        8%         N/A       58%         2
 Static Discharge         Conj/Air       8%         2-3/arc   58%         2
 Sublimation of Blood     Necr           4%         N/A       58%         2
 Petrify                  Tmut/Erth      12%        N/A       71%         4
 Call Canine Familiar     Summ           4%         N/A       83%         3
 Confusing Touch          Hex            4%         N/A       83%         3
 Dazzling Flash           Conj/Hex       8%         N/A       83%         3
 Frozen Ramparts          Ice            8%         1d2       83%         3
 Hailstorm                Conj/Ice       4%         3d4       83%         3
 Kindle Blastsparks       Fire/Tloc/Air  8%         2d10      83%         3
 Ozocubu's Armour         Ice            4%         N/A       83%         3
 Portal Projectile        Hex/Tloc       8%         N/A       83%         3
 Summon Guardian Golem    Hex/Summ       4%         N/A       83%         3
 Swiftness                Air            4%         N/A       83%         3
 Vampiric Draining        Necr           4%         2d6       83%         3
 Vhi's Electric Charge    Tloc/Air       8%         N/A       83%         3
 Irradiate                Conj/Tmut      6%         3d13      96%         5
 Airstrike                Air            2%         2d(1-17)  99%         4
 Animate Armour           Summ/Erth      8%         N/A       99%         4
 Dispel Undead            Necr           4%         3d7       99%         4
 Iskenderun's Mystic Bla  Conj/Tloc      4%         2d3       99%         4
 Leda's Liquefaction      Hex/Erth       2%         N/A       99%         4
 Arcjolt                  Conj/Air       2%         1d12      100%        5
 Freezing Cloud           Conj/Ice/Air   2%         6-21      100%        5
 Lightning Bolt           Conj/Air       2%         1d13      100%        5
 Metabolic Englaciation   Hex/Ice        2%         N/A       100%        5
 Simulacrum               Ice/Necr       2%         N/A       100%        6
 Starburst                Conj/Fire      2%         6d3       100%        6
 Summon Cactus Giant      Summ           2%         N/A       100%        6
 Haunt                    Necr/Summ      2%         N/A       100%        7


Dungeon Overview and Level Annotations

Branches:
Dungeon (11/15)            Temple (0/1) D:4            Lair (5/5) D:9
  Swamp (2/4) Lair:2       Spider (0/4) Lair:2        Slime (0/5) Lair:5
    Orc (0/2) D:11

Altars:
Cheibriados
Dithmenos
Elyvilon
Fedhas
Gozag
Hepliaklqana
Kikubaaqudgha
Makhleb
Nemelex Xobeh
Qazlal
Ru
Uskayaw
Vehumet
Yredelemnul

Shops:
D:2 =([   D:9 ?   D:11 [(

Annotations:
Lair:2 exclusion: electric eel
Lair:4 exclusion: 2 downstairs
Lair:5 3 runed translucent doors, sokol815's ghost, journeyman VSMo


Innate Abilities, Weirdness & Mutations

You have razor-sharp teeth.
Your natural rate of healing is unusually fast.
When hurt, damage is shared between your health and your magic reserves.
Your bite disrupts and absorbs the magic of your enemies.
Potions cannot restore your health.


Message History

Really stalk into that cloud of poison gas? [Y]es or [N]o only, please.
Really stalk into that cloud of poison gas?
Okay, then.
You hit the swamp dragon. You freeze the swamp dragon.
You bite the swamp dragon! You drain its power.
You feel invigorated.
The swamp dragon is heavily wounded.
You feel very sick. You block the swamp dragon's attack. x2
The swamp dragon tramples you but does no damage.
You hit the swamp dragon. You freeze the swamp dragon.
You bite the swamp dragon! You drain its power.
The swamp dragon is severely wounded.
You feel very sick.
The swamp dragon breathes poison at you.
The blast of poison engulfs you.
You are more poisoned.
You hear a shout!
You hit the swamp dragon but do no damage.
The swamp dragon is severely wounded.
You are engulfed in poison gas.
You are lethally poisoned!
You feel very sick.
You hit the swamp dragon. You freeze the swamp dragon.
You bite the swamp dragon, but do no damage.
The swamp dragon is severely wounded.
You are engulfed in poison gas.
You are more poisoned.
* * * LOW HITPOINT WARNING * * *
You feel extremely sick. The swamp dragon bites you!
* * * LOW HITPOINT WARNING * * *
You block the swamp dragon's attack.
The swamp dragon tramples you but does no damage.
Uskayaw will force your foes to helplessly watch your dance.
Uskayaw prepares the audience for your solo!
You are engulfed in poison gas.
You are more poisoned.
* * * LOW HITPOINT WARNING * * *
You die...

..~♣♣♣..♣♣♣♣....~)♣
.$~~♣...♣~.~~~~.~.♣ ~
..~.~~...........♣♣ ♣♣♣ ~~
♣..~~...~~~~~~~.~♣♣♣~♣
~..♣♣♣.~~..~~~~~~~~.♣♣~..♣
...~~♣♣....~~~~~...♣♣♣...~
....~.~~~..~§~...♣♣♣♣♣~..~
♣....☼~~[.§.♣ ♣....♣~ ~
♣♣♣..@○○.~♣♣~♣ ♣♣♣♣♣♣.
...♣~♣♣.○☼○♣♣♣♣♣♣ ♣♣
..~...♣○D○♣♣♣♣♣♣ ♣~
♣.?.~♣~...~ ♣.
♣♣♣♣♣...~..~§~~ ♣♣
♣○♣:.♣....~~~~~
♣........♣.~~~~~~~
♣♣[♣♣♣♣♣♣♣♣~~~~~§~ ♣♣
♣.☼.♣ ♣~~.w~~. ♣.


You could see a swamp dragon (paralysed).

Vanquished Creatures
  Jorgrun (Swamp:1)
  Rupert (Lair:3)
  A hydra (Lair:4)
  A catoblepas (Lair:5)
  2 alligators (Swamp:1)
  9 death yaks
  A two-headed ogre (D:9)
  15 spriggans
  Nergalle (D:10)
  A goliath frog (Swamp:1)
  Lodul (D:10)
  2 oklob plants (Lair:5)
  2 wolf spiders (Lair:5)
  4 elephants (Lair:5)
  4 black mambas
  Maurice (D:10)
  A torpor snail (Lair:2)
  A gargoyle (D:11)
  6 cane toads
  3 rime drakes
  8 komodo dragons
  A tyrant leech (Swamp:1)
  8 hornets
  3 trolls
  4 polar bears (Lair:5)
  Grinder (D:5)
  14 blink frogs
  10 dream sheep (Lair:5)
  2 shadows (D:11)
  5 wyverns
  2 wraiths (D:11)
  45 yaks
  3 basilisks
  A steam dragon (D:8)
  3 vampire mosquitoes (D:10)
  2 swamp worms (Swamp:1)
  3 acid dragons
  3 wargs (D:9)
  8 water moccasins
  2 swamp drakes (Swamp:2)
  4 orc warriors
  3 sky beasts
  6 black bears
  28 wolves
  10 ogres
  4 boggarts (Lair:5)
  2 centaurs
  A phantom (D:4)
  10 bullfrogs
  5 kobold brigands
  A gnoll sergeant (D:7)
  A necrophage (D:6)
  3 scorpions
  8 wights
  5 killer bees (D:7)
  4 howler monkeys
  An electric eel (Lair:4)
  A human zombie (D:4)
  4 hounds
  A jelly (D:4)
  A gnoll bouda (D:5)
  5 orc priests
  4 iguanas
  A scorpion zombie (D:4)
  8 orc wizards
  2 hound zombies (D:4)
  3 mummies
  6 adders
  A gnoll (D:5)
  2 shadow imps (D:7)
  3 white imps
  An ufetubus (D:6)
  3 adder zombies (D:4)
  2 worms (D:3)
  6 dart slugs
  31 orcs
  A ball python (D:3)
  3 bats
  5 endoplasms
  A giant cockroach (D:2)
  8 goblins
  8 hobgoblins
  2 jackals (D:1)
  3 quokkas
  3 frilled lizards
  20 kobolds
  7 rats
  A spectral kobold (D:7)
429 creatures vanquished.

Vanquished Creatures (others)
  28 fungi
  33 plants
61 creatures vanquished.

Grand Total: 490 creatures vanquished

Notes
Turn   | Place    | Note
-------+----------+-------------------------------------------
     0 | D:1      | jimonade the Vine Stalker Brigand began the quest for the
                  | Orb.
     0 | D:1      | Reached XP level 1. HP: 11/11 MP: 2/2
   252 | D:1      | Reached skill level 5 in Stealth
   269 | D:1      | Reached XP level 2. HP: 15/15 MP: 3/3
  1038 | D:2      | Found a hide-covered altar of Uskayaw.
  1046 | D:2      | Became a worshipper of Uskayaw the Reveller
  1054 | D:2      | Reached * piety under Uskayaw
  1057 | D:2      | Found Ugeeqov's Weapon Boutique.
  1117 | D:2      | Reached XP level 3. HP: 18/18 MP: 4/4
  1263 | D:2      | Identified the +9 mace "Hugogre" {heavy, *Rage rC+ rN++}
  1280 | D:2      | Found Pech's Armour Shop.
  1311 | D:2      | Found Fyhop's Jewellery Boutique.
  1410 | D:2      | Identified the +1 robe of Luigoratz {-Tele rC+++ MP+9
                  | Int+3}
  1416 | D:2      | Reached ** piety under Uskayaw
  1492 | D:2      | Found the brooch of Shielding {Spirit SH+8}
  1775 | D:3      | Identified the +1 leather armour "Lued" {rPois rF+++ Regen+
                  | Slay-5}
  1820 | D:3      | Found a faded altar of an unknown god.
  1881 | D:3      | Found a blossoming altar of Fedhas.
  1912 | D:3      | Reached skill level 1 in Dodging
  2026 | D:3      | Gained mutation: Your natural rate of healing is unusually
                  | fast. [Vine Stalker growth]
  2026 | D:3      | Reached XP level 4. HP: 22/23 MP: 5/5
  2034 | D:3      | Reached *** piety under Uskayaw
  2112 | D:3      | Reached skill level 1 in Invocations
  2142 | D:3      | Reached skill level 6 in Stealth
  2559 | D:4      | Noticed a scorpion
  2564 | D:4      | Killed a scorpion
  2565 | D:4      | Reached XP level 5. HP: 26/26 MP: 7/7
  2701 | D:4      | Noticed a phantom
  2726 | D:4      | Killed a phantom
  2792 | D:4      | Reached skill level 7 in Stealth
  2792 | D:4      | Reached XP level 6. HP: 13/30 MP: 8/8
  2930 | D:4      | Found a staircase to the Ecumenical Temple.
  3001 | D:4      | Found an ancient bone altar of Kikubaaqudgha.
  3024 | D:4      | Reached skill level 1 in Shields
  3035 | D:4      | Reached **** piety under Uskayaw
  3036 | D:4      | Reached XP level 7. HP: 35/35 MP: 9/9
  3055 | D:4      | Reached ***** piety under Uskayaw
  3056 | D:4      | Reached skill level 8 in Stealth
  3403 | D:4      | Found a burning altar of Makhleb.
  3461 | D:4      | Identified a scroll of acquirement
  3461 | D:4      | Acquired the ring "Rupacel" {rElec rCorr Stlth+}
  3482 | D:5      | Entered Level 5 of the Dungeon
  3640 | D:5      | Found a stormy altar of Qazlal.
  3847 | D:5      | Reached skill level 9 in Stealth
  3891 | D:5      | Gained mutation: You have razor-sharp teeth. [Vine Stalker
                  | growth]
  3891 | D:5      | Reached XP level 8. HP: 39/39 MP: 11/11
  4082 | D:5      | Found a sparkling altar of Nemelex Xobeh.
  4189 | D:5      | Noticed Grinder
  4204 | D:5      | Killed Grinder
  4290 | D:6      | Reached skill level 10 in Stealth
  4733 | D:6      | Noticed a yak
  4733 | D:6      | Noticed a troll
  4760 | D:6      | Found a white marble altar of Elyvilon.
  4802 | D:6      | Found a snail-covered altar of Cheibriados.
  4882 | D:6      | Reached skill level 5 in Short Blades
  4882 | D:6      | Reached XP level 9. HP: 43/43 MP: 13/13
  4923 | D:6      | Found a sacrificial altar of Ru.
  5099 | D:7      | Found a radiant altar of Vehumet.
  5161 | D:7      | Reached skill level 11 in Stealth
  5545 | D:7      | Reached skill level 5 in Invocations
  5546 | D:7      | Noticed a komodo dragon
  5560 | D:7      | Killed a komodo dragon
  5560 | D:7      | Reached ****** piety under Uskayaw
  5679 | D:7      | Found a hazy altar of Hepliaklqana.
  5721 | D:7      | Reached skill level 12 in Stealth
  5768 | D:7      | Reached XP level 10. HP: 45/49 MP: 15/15
  6154 | D:8      | Found a basalt altar of Yredelemnul.
  6672 | D:8      | Identified the +3 battleaxe of Trog's Scorn {flame, rPois
                  | rC+ Dex+3}
  7525 | D:9      | Noticed a two-headed ogre
  7543 | D:9      | Killed a two-headed ogre
  7597 | D:9      | Found a staircase to the Lair.
  7721 | D:9      | Noticed a +0 short sword
  7722 | D:9      | Noticed a +0 falchion
  7722 | D:9      | Noticed a +0 spear
  7723 | D:9      | Noticed a +0 dagger
  7736 | D:9      | Found a hide-covered altar of Uskayaw.
  7736 | D:9      | Noticed a +0 dagger
  7736 | D:9      | Noticed a +0 spear
  7739 | D:9      | Noticed a +0 short sword
  7740 | D:9      | Noticed a +0 falchion
  7751 | D:9      | Found Hisenoc's Magic Scroll Shoppe.
  8176 | D:9      | Found an opulent altar of Gozag.
  8254 | D:10     | Entered Level 10 of the Dungeon
  8256 | D:10     | Found a shadowy altar of Dithmenos.
  8326 | D:10     | Reached skill level 1 in Transmutations
  8469 | D:10     | Reached skill level 1 in Spellcasting
  8501 | D:10     | Noticed Lodul
  8529 | D:10     | Reached XP level 11. HP: 53/53 MP: 16/16
  8537 | D:10     | Learned a level 1 spell: Beastly Appendage
  8567 | D:10     | Killed Lodul
  8772 | D:10     | Reached skill level 1 in Armour
  8808 | D:10     | Noticed Nergalle
  8832 | D:10     | Killed Nergalle
  8833 | D:10     | Reached skill level 13 in Stealth
  9172 | D:10     | Noticed Maurice
  9194 | D:10     | Killed Maurice
 10101 | D:11     | Found Gudione's Weapon Shop.
 10101 | D:11     | Found a staircase to the Orcish Mines.
 10101 | D:11     | Found Cistasm's Armour Shop.
 10135 | D:11     | Bought a +0 kite shield for 72 gold pieces
 10137 | D:11     | Bought a +0 pair of boots for 72 gold pieces
 10276 | D:11     | Identified the +3 long sword "Eden" {freeze, rElec rC+
                  | Will-}
 10775 | D:11     | Bought the +5 acid dragon scales "Ozigunuv" {rCorr Str+5}
                  | for 1320 gold pieces
 10961 | Lair:1   | Entered Level 1 of the Lair of Beasts
 11094 | Lair:1   | Reached XP level 12. HP: 58/58 MP: 18/18
 11745 | Lair:2   | Found a hole to the Spider Nest.
 11935 | Lair:2   | Found a staircase to the Swamp.
 11951 | Lair:2   | Noticed a death yak
 11952 | Lair:2   | Noticed a death yak
 11961 | Lair:2   | Noticed a death yak
 11970 | Lair:2   | Noticed a death yak
 11972 | Lair:2   | Killed a death yak
 11976 | Lair:2   | Killed a death yak
 11987 | Lair:2   | Killed a death yak
 11988 | Lair:2   | Reached skill level 5 in Shields
 11993 | Lair:2   | Killed a death yak
 12040 | Lair:2   | Reached skill level 5 in Spellcasting
 12199 | Lair:2   | You fall into a shaft and drop 1 floor!
 12214 | Lair:3   | Reached skill level 5 in Dodging
 12221 | Lair:3   | Reached skill level 5 in Transmutations
 12760 | Lair:3   | Noticed Rupert
 12765 | Lair:3   | Killed Rupert
 12878 | Lair:3   | Reached XP level 13. HP: 63/63 MP: 22/22
 12919 | Lair:3   | Reached skill level 10 in Short Blades
 12941 | Lair:3   | Reached skill level 5 in Fighting
 14222 | Lair:5   | Entered Level 5 of the Lair of Beasts
 14528 | Lair:5   | Found a runed translucent gate.
 14529 | Lair:5   | Found a runed translucent gate.
 14529 | Lair:5   | Noticed sokol815's ghost (journeyman VSMo)
 14530 | Lair:5   | Found a runed translucent gate.
 14535 | Lair:5   | Noticed a minotaur
 15200 | Lair:5   | Reached XP level 14. HP: 68/68 MP: 25/25
 15542 | Lair:5   | Got the Anthology of the Disturbing Dreams
 15970 | Lair:5   | Found a staircase to the Slime Pits.
 17037 | Swamp:1  | Entered Level 1 of the Swamp
 17087 | Swamp:1  | Reached skill level 10 in Invocations
 17275 | Swamp:1  | Noticed Jorgrun
 17282 | Swamp:1  | Killed Jorgrun
 17597 | Swamp:1  | Succumbed to a swamp dragon's poison gas

Illustrated notes

Levels and vault maps discovered:
D:1:      minmay_arrival_hallway, layout_basic
D:2:      layout_basic, serial_shops, nicolae_shop_bloodbath_and_beyond, shop,
          shop, basic_altar
D:3:      corexii_shack_village, layout_loops_ring, fedhas_ov_isle_minmay,
          chequers_ecumenical_altar_grove, minivault_11, minmay_misc_feat_roman
D:4:      layout_loops_ring, lemuel_mausoleum_altar_kikubaaqudgha,
          lemuel_round_altar, temple_doors_e
D:5:      layout_basic, nemelex_spade_bored_becter,
          mainiacjoe_overflow_alcove_1, hangedman_minor_gate_pass, uniq_grinder
D:6:      minmay_spotlight, layout_basic, slow_altar_2, kennysheep_little_box,
          marbit_many_paths
D:7:      wander_river, layout_basic, nicolae_hepliaklqana_monster_ancestors,
          mainiacjoe_overflow_paths, minmay_alternating_orb
D:8:      layout_gridville, yredelemnul_altar_generic
D:9:      layout_loops_ring, nicolae_uskayaw_en_pointe, grunt_gozag_breadcrumbs,
          erik_lair_orcish_takeover, serial_shops, nicolae_shop_trees,
          reono_crystal_passage
D:10:     layout_layer_cave, grunt_dithmenos_smoke, uniq_maurice, uniq_lodul,
          uniq_nergalle
D:11:     layout_big_octagon, orc_david_3
Lair:1:   layout_chaotic_city, lemuel_fruit_fields, lemuel_fruit_fields,
          grunt_megastairs_3
Lair:2:   layout_gridlike, swamp_mist_pool, dummy_spider_entry,
          serial_bayou_shore_a, infiniplex_staircase_pool_2, lemuel_fruit_fields
Lair:3:   layout_cave_pods, pdpol_lair_neglected_garden, uniq_rupert
Lair:4:   layout_small_grid, serial_bayou_shore_b, lemuel_fruit_tree,
          infiniplex_staircase_pool
Lair:5:   minmay_lair_end_enchanted_forest, layout_cave_pods,
          minmay_slime_entry_oklob_enclosed, maelrawn_ghost_gauntlet_escape,
          nicolae_lair_run_with_the_wolves, serial_bayou_shore_b
Swamp:1:  layout_basic_swamp, evilmike_swamp_ruin_house_4, swamp_pool1,
          nicolae_swamp_dragon_and_kin, uniq_jorgrun
Swamp:2:  layout_basic_swamp, wheals_swamp_sinkhole, swamp_pool5

Skill      XL: |  1  2  3  4  5  6  7  8  9 10 11 12 13 14 |
---------------+-------------------------------------------+-----
Short Blades   | 2 3 4 5 6 8 9 10 | 10.0
Stealth        | 5 6 7 9 10 12 13 | 13.1
Fighting       | 2 3 4 5 6 |  6.1
Dodging        | 1 2 3 4 5 6 |  6.2
Invocations    | 1 2 3 4 5 6 7 8 9 10 | 10.1
Shields        | 1 2 3 4 5 7 8 |  8.2
Throwing       | 2 3 4 |  4.3
Transmutations | 1 4 5 6 7 |  7.5
Spellcasting   | 1 3 5 6 8 |  8.0
Armour         | 2 3 4 |  4.9

Action                     |  1- 3 |  4- 6 |  7- 9 | 10-12 | 13-15 || total
---------------------------+-------+-------+-------+-------+-------++-------
  Melee: Dagger            |    83 |    77 |    75 |   212 |   625 ||  1072
         Bite              |    23 |    20 |    74 |   223 |   263 ||   603
         Punch             |     1 |     1 |     6 |       |       ||     8
         Short sword       |       |       |   168 |   333 |       ||   501
         Headbutt          |       |       |       |    37 |    16 ||    53
         Kick              |       |       |       |    27 |    27 ||    54
  Throw: Dart              |       |       |     4 |    56 |    20 ||    80
   Cast: Beastly Appendage |       |       |       |     9 |     9 ||    18
 Invoke: Stomp             |       |       |       |     6 |    17 ||    23
         Line Pass         |       |       |       |     1 |       ||     1
    Use: Scroll            |       |       |    11 |    13 |     3 ||    27
         Potion            |       |       |     2 |       |       ||     2
   Stab: Sleeping          |    14 |    16 |    27 |    22 |    19 ||    98
         Paralysed         |       |     1 |     7 |    26 |    21 ||    55
         Distracted        |       |       |     1 |     2 |     6 ||     9
         Confused          |       |       |       |     2 |       ||     2
 Armour: Robe              |    27 |     9 |    36 |     5 |       ||    77
         Leather armour    |       |     1 |       |       |       ||     1
         Steam dragon scal |       |       |       |    11 |       ||    11
         Troll leather arm |       |       |       |    32 |       ||    32
         Acid dragon scale |       |       |       |    17 |   121 ||   138
  Dodge: Dodged            |    37 |    17 |    79 |   154 |   129 ||   416
  Block: Other             |     4 |    10 |    54 |    71 |       ||   139
         Buckler           |       |       |       |    84 |   223 ||   307
         Kite shield       |       |       |       |       |    41 ||    41

Table legend: (Time is in decaauts)
 A = Elapsed time spent in this place.
 B = Non-inter-level travel time spent in this place.
 C = Inter-level travel time spent in this place.
 D = Time resting spent in this place.
 E = Time spent auto-exploring this place.
 F = Levels seen in this place.
 G = Mean time per level.
                   A        B        C        D        E       F      G
               +--------+--------+--------+--------+--------+-----+--------+
         Total |  17070 |  15427 |   1643 |    495 |  10967 |  18 |  948.3 |
       Dungeon |  10999 |   9804 |   1195 |     62 |   7336 |  11 |  999.9 |
          Lair |   5511 |   5064 |    447 |    179 |   3490 |   5 | 1102.2 |
         Swamp |    559 |    559 |      0 |    254 |    140 |   2 |  279.5 |
               +--------+--------+--------+--------+--------+-----+--------+

Top non-repeatable levels by time:
  Lair:5: 2130 daAuts
    D:10: 1634 daAuts
     D:1: 1126 daAuts
     D:7: 1096 daAuts
     D:8: 1034 daAuts
  Lair:4: 974 daAuts
     D:4: 967 daAuts
    D:11: 951 daAuts
     D:3: 944 daAuts
     D:9: 895 daAuts
     D:6: 892 daAuts
  Lair:3: 815 daAuts
     D:5: 809 daAuts
  Lair:1: 807 daAuts
  Lair:2: 783 daAuts
